MLB
TORONTO BLUE JAYS @ HOUSTON ASTROS
08/09/2020
 
TOP OF THE 1ST
Toronto Blue Jays batting - Pitching for Houston Astros : LHP Carlos Rodon
Pitching: LHP Carlos Rodon
Batting: RHB Keon Broxton 0-0: Hit by Pitch
Batting: LHB Dee Gordon 0-0: Ball
1-0: Ball
2-0: Ball
3-0: Called Strike
3-1: Grounds into double play, 6-4-3 (Groundball, 6, EV 88.1 MPH)
Batting: SHB Josh Bell 0-0: Foul Ball, location: 2F
0-1: Fly out, F8 (Line Drive, 8RM, EV 100.0 MPH)
Top of the 1st over - 0 runs, 0 hits, 0 errors, 0 left on base; Toronto 0 - Houston 0
BOTTOM OF THE 1ST
Houston Astros batting - Pitching for Toronto Blue Jays : RHP Mike Fiers
Pitching: RHP Mike Fiers
Batting: SHB Billy Hamilton 0-0: Called Strike
0-1: Called Strike
0-2: Ball
1-2: Ball
2-2: Ground out 6-3 (Groundball, 4M, EV 91.3 MPH)
Batting: LHB Tommy La Stella 0-0: Called Strike
0-1: Ground out 4-3 (Groundball, 34, EV 96.9 MPH)
Batting: RHB Trey Mancini 0-0: Called Strike
0-1: Foul Ball, location: 2F
0-2: Ball
1-2: Foul Ball, location: 2F
1-2: Ball
2-2: Foul Ball, location: 2F
2-2: Strikes out swinging
Bottom of the 1st over - 0 runs, 0 hits, 0 errors, 0 left on base; Toronto 0 - Houston 0
TOP OF THE 2ND
Toronto Blue Jays batting - Pitching for Houston Astros : LHP Carlos Rodon
Batting: RHB Kris Bryant 0-0: Ball
1-0: Foul Ball, location: 2F
1-1: Foul Ball, location: 2F
1-2: SINGLE (Line Drive, 56, EV 108.1 MPH)
Batting: RHB Enrique Hernandez 0-0: Ball
Passed Ball!
Kris Bryant to second
1-0: Ball
2-0: Ball
3-0: Called Strike
3-1: Called Strike
3-2: Base on Balls
Batting: RHB Aledmys Diaz 0-0: Ball
1-0: Grounds into double play, 4-6-3 (Groundball, 4, EV 102.5 MPH)
Kris Bryant to third
Batting: RHB Danny Mendick 0-0: Called Strike
0-1: Ball
1-1: SINGLE (Line Drive, 8RS, EV 100.6 MPH)
Kris Bryant scores
Batting: RHB Yusniel Diaz 0-0: Ball
1-0: Ball
2-0: Swinging Strike
2-1: Foul Ball, location: 2F
2-2: Ground out U3 (Groundball, 34S, EV 85.6 MPH)
Top of the 2nd over - 1 run, 2 hits, 0 errors, 1 left on base; Toronto 1 - Houston 0
BOTTOM OF THE 2ND
Houston Astros batting - Pitching for Toronto Blue Jays : RHP Mike Fiers
Batting: LHB Logan Morrison 0-0: Ball
1-0: Called Strike
1-1: Called Strike
1-2: Foul Ball, location: 2F
1-2: Ball
2-2: Ball
3-2: Foul Ball, location: 2F
3-2: SINGLE (Flyball, 8LS, EV 93.1 MPH)
Batting: LHB Matt Joyce 0-0: Foul Ball, location: 2F
0-1: Ball
1-1: Foul Ball, location: 2F
1-2: Ball
2-2: Grounds into double play, 4-6-3 (Groundball, 4, EV 106.9 MPH)
Batting: LHB Tucker Barnhart 0-0: Foul Ball, location: 2F
0-1: Ball
1-1: Ball
2-1: Ball
3-1: Foul Ball, location: 2F
3-2: Base on Balls
Batting: RHB Tyrone Taylor 0-0: Ball
1-0: Foul Ball, location: 2F
1-1: Called Strike
1-2: Ball
2-2: Strikes out swinging
Bottom of the 2nd over - 0 runs, 1 hit, 0 errors, 1 left on base; Toronto 1 - Houston 0
TOP OF THE 3RD
Toronto Blue Jays batting - Pitching for Houston Astros : LHP Carlos Rodon
Batting: RHB Spencer Kieboom 0-0: Ball
1-0: Called Strike
1-1: Ball
2-1: Ball
3-1: Base on Balls
Batting: RHB Keon Broxton 0-0: Ball
1-0: Called Strike
1-1: Foul Ball, location: 2F
1-2: Strikes out looking
Batting: LHB Dee Gordon 0-0: Called Strike
0-1: Swinging Strike
0-2: Ball
Wild Pitch!
Spencer Kieboom to second
1-2: SINGLE (Flyball, 5D, EV 86.9 MPH)
Spencer Kieboom to third
Batting: SHB Josh Bell 0-0: Called Strike
0-1: Ball
Wild Pitch!
Spencer Kieboom scores
Dee Gordon to second
1-1: 2-RUN HOME RUN (Flyball, 7LD, EV 98.8 MPH), Distance : 343 ft
Batting: RHB Kris Bryant 0-0: Foul Ball, location: 2F
0-1: Swinging Strike
0-2: Ball
1-2: Ball
2-2: Foul Ball, location: 2F
2-2: Strikes out swinging
Batting: RHB Enrique Hernandez 0-0: Ball
1-0: Ball
2-0: Ball
3-0: Base on Balls
Batting: RHB Aledmys Diaz 0-0: Ball
1-0: Fly out, F8 (Flyball, 78D, EV 96.9 MPH)
Top of the 3rd over - 3 runs, 2 hits, 0 errors, 1 left on base; Toronto 4 - Houston 0
BOTTOM OF THE 3RD
Houston Astros batting - Pitching for Toronto Blue Jays : RHP Mike Fiers
Batting: RHB Dustin Pedroia 0-0: Ball
1-0: Ball
2-0: Called Strike
2-1: Ball
3-1: Called Strike
3-2: SINGLE (Line Drive, 78M, EV 95.6 MPH)
Batting: LHB Kyle Holder 0-0: Ball
1-0: Swinging Strike
1-1: DOUBLE (Line Drive, 7LM, EV 95.0 MPH)
Dustin Pedroia to third
Batting: SHB Billy Hamilton 0-0: Ball
1-0: SINGLE (Line Drive, 8RM, EV 100.6 MPH)
Dustin Pedroia scores
Kyle Holder to third
Batting: LHB Tommy La Stella 0-0: Called Strike
Billy Hamilton steals 2nd base
0-1: Ball
1-1: SINGLE (Line Drive, 6D, EV 104.4 MPH)
Kyle Holder scores
Billy Hamilton to third
Batting: RHB Trey Mancini 0-0: SINGLE (Groundball, 6MD, EV 98.8 MPH)
Billy Hamilton scores
Tommy La Stella to second
Batting: LHB Logan Morrison 0-0: Ball
1-0: Foul Ball, location: 2F
1-1: Grounds out, U3 (Groundball, 3L, EV 90.6 MPH)
Tommy La Stella to third
Batting: LHB Matt Joyce 0-0: Ball
1-0: Ball
2-0: Called Strike
2-1: Foul Ball, location: 2F
2-2: Fly out, F9 (Flyball, 9, EV 78.8 MPH)
Runner from 3rd tags up, SCORES, throw by RF
Batting: LHB Tucker Barnhart 0-0: Called Strike
0-1: Swinging Strike
0-2: Foul Ball, location: 2F
0-2: Ball
1-2: Ball
2-2: Ball
3-2: Foul Ball, location: 2F
3-2: Ground out 4-3 (Groundball, 4, EV 84.4 MPH)
Bottom of the 3rd over - 4 runs, 5 hits, 0 errors, 1 left on base; Toronto 4 - Houston 4
TOP OF THE 4TH
Toronto Blue Jays batting - Pitching for Houston Astros : LHP Carlos Rodon
Batting: RHB Danny Mendick 0-0: Ball
1-0: Foul Ball, location: 2F
1-1: Ground out 6-3 (Groundball, 6, EV 78.1 MPH)
Batting: RHB Yusniel Diaz 0-0: Called Strike
0-1: Ball
1-1: Called Strike
1-2: SINGLE (Flyball, 9LS, EV 93.1 MPH)
Batting: RHB Spencer Kieboom 0-0: Called Strike
0-1: Ball
1-1: Ball
2-1: Called Strike
2-2: Ball
3-2: Foul Ball, location: 2F
3-2: Foul Ball, location: 2F
3-2: Foul Ball, location: 2F
3-2: Fly out, F5 (Popup, 5SF, EV 81.3 MPH)
Batting: RHB Keon Broxton 0-0: Fielders Choice at 2nd, 5-4 (Groundball, 5L, EV 82.5 MPH)
Top of the 4th over - 0 runs, 1 hit, 0 errors, 1 left on base; Toronto 4 - Houston 4
BOTTOM OF THE 4TH
Houston Astros batting - Pitching for Toronto Blue Jays : RHP Mike Fiers
Batting: RHB Tyrone Taylor 0-0: Ball
1-0: SINGLE (Groundball, 6MD, EV 103.8 MPH)
Batting: RHB Dustin Pedroia 0-0: Swinging Strike
0-1: Swinging Strike
0-2: Ball
1-2: Foul Ball, location: 2F
1-2: Ball
2-2: Foul Ball, location: 2F
2-2: Foul Ball, location: 2F
2-2: Fielders Choice at 2nd, 5-4 (Groundball, 56, EV 86.9 MPH)
Batting: LHB Kyle Holder 0-0: Ball
1-0: Called Strike
1-1: Grounds into double play, 5-4-3 (Groundball, 56, EV 105.0 MPH)
Bottom of the 4th over - 0 runs, 1 hit, 0 errors, 0 left on base; Toronto 4 - Houston 4
TOP OF THE 5TH
Toronto Blue Jays batting - Pitching for Houston Astros : LHP Carlos Rodon
Batting: LHB Dee Gordon 0-0: Called Strike
0-1: Ball
1-1: Foul Ball, location: 2F
1-2: Foul Ball, location: 2F
1-2: Ground out 5-3 (Groundball, 56, EV 88.8 MPH)
Batting: SHB Josh Bell 0-0: Called Strike
0-1: Ball
1-1: Swinging Strike
1-2: Foul Ball, location: 2F
1-2: Ball
2-2: Ball
3-2: Base on Balls
Batting: RHB Kris Bryant 0-0: Ball
1-0: Foul Ball, location: 2F
1-1: Called Strike
1-2: Ball
2-2: Grounds into double play, 5-4-3 (Groundball, 5, EV 107.5 MPH)
Top of the 5th over - 0 runs, 0 hits, 0 errors, 0 left on base; Toronto 4 - Houston 4
BOTTOM OF THE 5TH
Houston Astros batting - Pitching for Toronto Blue Jays : RHP Mike Fiers
Batting: SHB Billy Hamilton 0-0: SINGLE (Line Drive, 7S, EV 91.9 MPH)
Batting: LHB Tommy La Stella 0-0: Ball
Billy Hamilton steals 2nd base
1-0: Fly out, F7 (Flyball, 78M, EV 86.3 MPH)
Batting: RHB Trey Mancini 0-0: Ball
Billy Hamilton steals 3rd base (no throw)
1-0: Called Strike
1-1: SINGLE (Line Drive, 7LS, EV 91.9 MPH)
Billy Hamilton scores
Pitching: RHP JC Ramirez
Batting: LHB Logan Morrison 0-0: Ball
Wild Pitch!
Trey Mancini to second
1-0: Ball
2-0: SINGLE (Groundball, 15S, EV 70.0 MPH) (infield hit)
Trey Mancini to third
Batting: LHB Matt Joyce 0-0: Swinging Strike
0-1: Ball
1-1: Swinging Strike
1-2: Strikes out swinging
Batting: LHB Tucker Barnhart 0-0: Ball
1-0: Foul Ball, location: 2F
1-1: Fly out, F7 (Flyball, 78D, EV 92.5 MPH)
Bottom of the 5th over - 1 run, 3 hits, 0 errors, 2 left on base; Toronto 4 - Houston 5
TOP OF THE 6TH
Toronto Blue Jays batting - Pitching for Houston Astros : LHP Carlos Rodon
Pitching: RHP Trevor Bettencourt
Batting: RHB Enrique Hernandez 0-0: Ball
1-0: Ball
2-0: Called Strike
2-1: Called Strike
2-2: Strikes out looking
Batting: RHB Aledmys Diaz 0-0: Swinging Strike
0-1: Ball
1-1: Swinging Strike
1-2: Foul Ball, location: 2F
1-2: Foul Ball, location: 2F
1-2: Foul Ball, location: 2F
1-2: Ball
2-2: Strikes out swinging
Batting: RHB Danny Mendick 0-0: Called Strike
0-1: Called Strike
0-2: Ball
1-2: Ground out 6-3 (Groundball, 6, EV 86.3 MPH)
Top of the 6th over - 0 runs, 0 hits, 0 errors, 0 left on base; Toronto 4 - Houston 5
BOTTOM OF THE 6TH
Houston Astros batting - Pitching for Toronto Blue Jays : RHP JC Ramirez
Batting: RHB Tyrone Taylor 0-0: Swinging Strike
0-1: Fly out, F8 (Flyball, 8LS, EV 91.9 MPH)
Batting: RHB Dustin Pedroia 0-0: Ball
1-0: SINGLE (Flyball, 6MD, EV 84.4 MPH)
Batting: LHB Kyle Holder 0-0: Ball
1-0: Ball
2-0: Foul Ball, location: 2F
2-1: Foul Ball, location: 2F
2-2: SINGLE (Groundball, 6MD, EV 101.9 MPH)
Dustin Pedroia to second
Runner from 2nd tries for 3rd, SAFE, throw by CF made at trailing runner, OUT! 8-4
Batting: SHB Billy Hamilton 0-0: Called Strike
0-1: Ball
1-1: Swinging Strike
1-2: SINGLE (Groundball, 34S, EV 68.8 MPH) (infield hit)
Dustin Pedroia scores
Batting: LHB Tommy La Stella 0-0: Ball
1-0: Ball
2-0: Ball
3-0: Base on Balls
Billy Hamilton to second
Batting: RHB Trey Mancini 0-0: Swinging Strike
0-1: Called Strike
0-2: Ball
1-2: Ball
2-2: Strikes out swinging, 2-3 out at first.
Bottom of the 6th over - 1 run, 3 hits, 0 errors, 2 left on base; Toronto 4 - Houston 6
TOP OF THE 7TH
Toronto Blue Jays batting - Pitching for Houston Astros : RHP Trevor Bettencourt
Pitching: LHP James Pazos
Batting: RHB Yusniel Diaz 0-0: Called Strike
0-1: Ball
1-1: Ball
2-1: Called Strike
2-2: Strikes out swinging
Batting: RHB Spencer Kieboom 0-0: Called Strike
0-1: Swinging Strike
0-2: Fly out, F6 (Popup, 6M, EV 53.1 MPH)
Batting: RHB Keon Broxton 0-0: Ball
1-0: Ball
2-0: Called Strike
2-1: Ball
3-1: Base on Balls
Batting: LHB Dee Gordon 0-0: Ball
1-0: SINGLE (Line Drive, 7S, EV 105.0 MPH)
Keon Broxton to second
Batting: SHB Josh Bell 0-0: Fielders Choice at 2nd, 5-4 (Groundball, 5L, EV 82.5 MPH)
Top of the 7th over - 0 runs, 1 hit, 0 errors, 2 left on base; Toronto 4 - Houston 6
BOTTOM OF THE 7TH
Houston Astros batting - Pitching for Toronto Blue Jays : RHP JC Ramirez
Pitching: LHP Alex Young
Batting: LHB Logan Morrison 0-0: Swinging Strike
0-1: Ball
1-1: Swinging Strike
1-2: Ground out 6-3 (Groundball, 4M, EV 97.5 MPH)
Batting: LHB Matt Joyce 0-0: Called Strike
0-1: Ball
1-1: Foul Ball, location: 2F
1-2: Ball
2-2: Ball
3-2: Base on Balls
Batting: LHB Tucker Barnhart 0-0: Foul Ball, location: 2F
0-1: Foul Ball, location: 2F
0-2: SINGLE (Line Drive, 89S, EV 103.1 MPH)
Matt Joyce to second
Batting: RHB Tyrone Taylor 0-0: Called Strike
0-1: Ball
1-1: Ball
2-1: Ball
3-1: 3-RUN HOME RUN (Flyball, 7D, EV 106.9 MPH), Distance : 406 ft
Pitching: RHP Alec Bettinger
Batting: RHB Dustin Pedroia 0-0: Ball
1-0: SOLO HOME RUN (Flyball, 78XD, EV 105.6 MPH), Distance : 423 ft
Batting: LHB Kyle Holder 0-0: Fly out, F8 (Flyball, 8RXD, EV 95.0 MPH)
Batting: SHB Billy Hamilton 0-0: Ball
1-0: SINGLE (Groundball, 6MD, EV 100.0 MPH)
Batting: LHB Tommy La Stella 0-0: Called Strike
0-1: Ball
1-1: SINGLE (Groundball, 6D, EV 102.5 MPH)
Billy Hamilton to second
Batting: RHB Trey Mancini 0-0: Ball
1-0: Foul Ball, location: 2F
1-1: Ball
2-1: Foul Ball, location: 2F
2-2: SINGLE (Line Drive, 5D, EV 96.9 MPH)
Billy Hamilton to third
Tommy La Stella to second
Runner from 3rd tries for Home, SAFE, throw by LF to home
Batting: LHB Logan Morrison 0-0: Ball
1-0: Called Strike
1-1: SINGLE (Line Drive, 4D, EV 101.9 MPH)
Tommy La Stella to third
Trey Mancini to second
Batting: LHB Matt Joyce 0-0: Ball
1-0: Ball
2-0: Ball
3-0: Called Strike
3-1: Base on Balls
Tommy La Stella scores
Trey Mancini to third
Logan Morrison to second
Pitching: RHP Danny Barnes
Batting: LHB Tucker Barnhart 0-0: Ball
1-0: Ball
2-0: Ball
3-0: Called Strike
3-1: Base on Balls
Trey Mancini scores
Logan Morrison to third
Matt Joyce to second
Batting: RHB Tyrone Taylor 0-0: SINGLE (Line Drive, 8LS, EV 92.5 MPH)
Logan Morrison scores
Matt Joyce to third
Tucker Barnhart to second
Runner from 3rd tries for Home, SAFE, throw by CF to home
Tucker Barnhart to third
Tyrone Taylor to second
Batting: RHB Dustin Pedroia 0-0: Called Strike
0-1: Swinging Strike
0-2: SINGLE (Line Drive, 7LS, EV 93.1 MPH)
Tucker Barnhart scores
Tyrone Taylor to third
Batting: LHB Kyle Holder 0-0: Ball
1-0: Ball
2-0: Fly out, F9 (Flyball, 9LS, EV 86.3 MPH)
Bottom of the 7th over - 10 runs, 9 hits, 0 errors, 2 left on base; Toronto 4 - Houston 16
TOP OF THE 8TH
Toronto Blue Jays batting - Pitching for Houston Astros : LHP James Pazos
Batting: RHB Kris Bryant 0-0: Ball
1-0: Called Strike
1-1: SINGLE (Groundball, 4MD, EV 102.5 MPH)
Pitching: RHP Bryse Wilson
Batting: RHB Enrique Hernandez 0-0: Ball
1-0: Called Strike
1-1: Ball
2-1: Ball
3-1: Base on Balls
Kris Bryant to second
Batting: RHB Aledmys Diaz 0-0: Ball
1-0: Called Strike
1-1: Called Strike
1-2: Foul Ball, location: 2F
1-2: SINGLE (Line Drive, 8RS, EV 105.0 MPH)
Kris Bryant to third
Enrique Hernandez to second
Batting: RHB Danny Mendick 0-0: Called Strike
0-1: Foul Ball, location: 2F
0-2: Foul Ball, location: 2F
0-2: Ball
1-2: Ball
2-2: Foul Ball, location: 2F
2-2: Strikes out swinging
Batting: RHB Yusniel Diaz 0-0: Foul Ball, location: 2F
0-1: Ball
1-1: Ball
2-1: Foul Ball, location: 2F
2-2: Ball
3-2: Strikes out looking
Batting: RHB Spencer Kieboom 0-0: Called Strike
0-1: Foul Ball, location: 2F
0-2: Ball
1-2: Ball
2-2: Ball
3-2: Foul Ball, location: 2F
3-2: Ground out 4-3 (Groundball, 4MD, EV 103.8 MPH)
Top of the 8th over - 0 runs, 2 hits, 0 errors, 3 left on base; Toronto 4 - Houston 16
BOTTOM OF THE 8TH
Houston Astros batting - Pitching for Toronto Blue Jays : RHP Danny Barnes
Batting: SHB Billy Hamilton 0-0: Called Strike
0-1: Ball
1-1: Ball
2-1: Ball
3-1: Base on Balls
Pitching: RHP Robinson Chirinos
Batting: LHB Tommy La Stella 0-0: Called Strike
0-1: Foul Ball, location: 2F
0-2: Ball
1-2: Ball
2-2: Strikes out swinging
Batting: RHB Trey Mancini 0-0: Ball
1-0: Called Strike
1-1: Fly out, F7 (Line Drive, 78M, EV 91.9 MPH)
Batting: LHB Logan Morrison 0-0: Ball
1-0: Ball
2-0: Ball
3-0: Base on Balls
Billy Hamilton to second
Batting: LHB Matt Joyce 0-0: Ball
1-0: Swinging Strike
1-1: Ball
2-1: Ball
3-1: Base on Balls
Billy Hamilton to third
Logan Morrison to second
Batting: LHB Tucker Barnhart 0-0: Ball
1-0: Ball
2-0: Ball
3-0: Called Strike
3-1: Called Strike
3-2: Foul Ball, location: 2F
3-2: Fly out, F7 (Flyball, 7LS, EV 88.8 MPH)
Bottom of the 8th over - 0 runs, 0 hits, 0 errors, 3 left on base; Toronto 4 - Houston 16
TOP OF THE 9TH
Toronto Blue Jays batting - Pitching for Houston Astros : RHP Bryse Wilson
Pitching: RHP Art Warren
Batting: RHB Keon Broxton 0-0: Ball
1-0: Called Strike
1-1: Ball
2-1: Swinging Strike
2-2: Hit by Pitch
Batting: LHB Dee Gordon 0-0: Ball
1-0: Swinging Strike
1-1: Ball
2-1: Swinging Strike
2-2: Strikes out swinging
Batting: SHB Josh Bell 0-0: 2-RUN HOME RUN (Flyball, 7LD, EV 102.5 MPH), Distance : 355 ft
Batting: RHB Kris Bryant 0-0: Called Strike
0-1: Ball
1-1: Foul Ball, location: 2F
1-2: Fly out, F8 (Flyball, 89D, EV 95.0 MPH)
Batting: RHB Enrique Hernandez 0-0: Foul Ball, location: 2F
0-1: Ball
1-1: Fly out, F8 (Flyball, 8LM, EV 94.4 MPH)
Top of the 9th over - 2 runs, 1 hit, 0 errors, 0 left on base; Toronto 6 - Houston 16
Tuesday, October 6th, 2020 - OOTP Baseball 21.6 Build 83